 Dungeon Crawl Stone Soup version 0.18.1-50-g88ac8fd (webtiles) character file.

452 recordrepeat the Shield-Bearer (level 7, -2/61 HPs)
             Began as a Hill Orc Fighter on Oct 29, 2016.
             Was a Follower of Beogh.
             Killed from afar by a white imp (4 damage)
             ... with a puff of frost
             ... summoned by Eustachio
             ... on level 5 of the Dungeon.
             The game lasted 00:15:52 (4478 turns).

recordrepeat the Shield-Bearer (Hill Orc Fighter)   Turns: 4478, Time: 00:15:53

Health: -2/61      AC: 16    Str: 20      XL:     7   Next: 4%
Magic:  7/7        EV:  4    Int:  8      God:    Beogh [*.....]
Gold:   134        SH: 10    Dex:  8 (11) Spells: 0 memorised, 6 levels left

rFire  . . .     SeeInvis .     a - +0 war axe
rCold  . . .     Gourm    .     B - +0 plate armour
rNeg   . . .     Faith    .     c - +0 shield
rPois  +         Spirit   .     g - +0 helmet
rElec  .         Dismiss  .     e - +0 cloak {rPois}
rCorr  .         Reflect  .     (no gloves)
SustAt .         Harm     .     (no boots)
MR     +....                    v - amulet of rage
Stlth  ..........               (no ring)
                                (no ring)

@: somewhat resistant to hostile enchantments, extremely unstealthy
A: molten scales 1, magic resistance 1, subdued magic 1
a: Renounce Religion, Evoke Berserk Rage


You were on level 5 of the Dungeon.
You worshipped Beogh.
Beogh was aware of your devotion.
You were not hungry.

You visited 1 branch of the dungeon, and saw 5 of its levels.

You collected 134 gold pieces.

Inventory:

Hand Weapons
 a - a +0 war axe (weapon)
Armour
 c - a +0 shield (worn)
 e - a +0 cloak of poison resistance (worn)
 g - a +0 helmet (worn)
 B - a +0 plate armour (worn)
Jewellery
 r - an uncursed ring of teleportation
 v - an amulet of rage (around neck)
Wands
 m - a wand of polymorph (11/24)
Scrolls
 b - a scroll of magic mapping {unknown}
 j - 2 scrolls of teleportation {unknown}
 k - 4 scrolls of remove curse
 l - a scroll of fear {unknown}
 n - 2 scrolls of enchant armour {unknown}
 o - a scroll of fog {unknown}
 p - a scroll of blinking {unknown}
 t - 2 scrolls of amnesia {unknown}
 w - 2 scrolls of immolation {unknown}
 y - a scroll of recharging {unknown}
 C - a scroll of enchant weapon {unknown}
 E - 2 scrolls of identify
Potions
 d - a potion of might
 i - a potion of haste
 q - a potion of cure mutation
 s - a potion of ambrosia {unknown}
 x - a potion of flight {unknown}
 z - a potion of beneficial mutation {unknown}
 A - a potion of curing {unknown}
 D - a potion of agility
Comestibles
 f - 4 bread rations
 h - 2 slices of pizza


   Skills:
 + Level 5.0 Fighting
 + Level 4.2 Axes
 + Level 5.2 Armour
 + Level 1.4 Dodging
 + Level 0.1 Stealth
 + Level 5.4 Shields


You had 6 spell levels left.
You didn't know any spells.

Dungeon Overview and Level Annotations

Branches:
Dungeon (5/15)
 Temple: D:4-7

Altars:
Dithmenos
Kikubaaqudgha
Xom
Yredelemnul

Annotations:
D:5 Eustachio; recordrepeat's ghost, amateur HOFi


Innate Abilities, Weirdness & Mutations

You are partially covered in molten scales (AC +1).
You are resistant to hostile enchantments.
Your spells are a little easier to cast, but a little less powerful.


Message History

* * * LOW HITPOINT WARNING * * *
Eustachio hits you but does no damage.
Recordrepeat's ghost (amateur Hill Orc Fighter) comes into view.
Your shield and plate armour prevent you from hitting Eustachio.
Eustachio is almost dead.
Recordrepeat's ghost turns its malevolent gaze towards you.
You hit the white imp.
The white imp is heavily wounded.
You closely miss the crimson imp. You block the crimson imp's attack.
The white imp gestures at you. The puff of frost hits you!
* * * LOW HITPOINT WARNING * * *
Eustachio mumbles some strange words.
Eustachio blinks!
The crimson imp spits at you.
The crimson imp blinks!
The river rat twitches its whiskers.
The white imp gestures at you. The puff of frost hits you!
You die...

...............
........#.............
........#<............
..@.....#.............
........# #.....## ..
........#####....###...
#.....n.....<..........
####..5r..........#...
...$5.r@........#.# ..
.>....ยง...........# .
....####..........# .W.
#..........# .
#.>..............
#................
#................
.........###+#...[.
..........# ....


You could see Eustachio, a necrophage, recordrepeat's ghost, a crimson imp, a
river rat, a white imp and a rat.

Vanquished Creatures
  The ghost of Chokestomp the Skirmisher, a weakling HEFi (D:4)
  Crazy Yiuf (D:3)
  A giant frog zombie (D:5)
  2 orc priests (D:4)
  A hound (D:5)
  An iguana (D:4)
  Terence (D:3)
  2 worker ants
  Robin (D:3)
  4 adders
  An adder skeleton (D:4)
  4 worms
  2 dart slugs
  8 giant geckos
  6 orcs
  8 bats
  3 bat zombies (D:2)
  5 giant cockroaches
  11 goblins
  7 hobgoblins
  4 jackals (D:4)
  2 quokkas (D:3)
  4 giant newts
  4 kobolds
  9 rats
  A spectral orc (D:3)
  2 fungi (D:3)
96 creatures vanquished.

Vanquished Creatures (others)
  2 orcs (D:3)
  2 goblins (D:3)
  2 hobgoblins (D:3)
6 creatures vanquished.

Grand Total: 102 creatures vanquished

Notes
Turn   | Place    | Note
--------------------------------------------------------------
     0 | D:1      | recordrepeat the Hill Orc Fighter began the quest for the Orb.
     0 | D:1      | Reached XP level 1. HP: 19/19 MP: 1/1
    21 | D:1      | Noticed a minotaur zombie
    24 | D:1      | Noticed a minotaur zombie
   120 | D:1      | Reached XP level 2. HP: 26/27 MP: 2/2
   632 | D:2      | Reached XP level 3. HP: 27/33 MP: 3/3
  1075 | D:2      | Reached XP level 4. HP: 40/40 MP: 4/4
  1078 | D:2      | Found an ancient bone altar of Kikubaaqudgha.
  1271 | D:3      | Became a worshipper of Beogh the Brigand
  1391 | D:3      | Noticed Terence
  1404 | D:3      | Killed Terence
  1541 | D:3      | Noticed Robin
  1579 | D:3      | Killed Robin
  1579 | D:3      | Reached XP level 5. HP: 24/46 MP: 5/5
  1771 | D:3      | Found a basalt altar of Yredelemnul.
  1864 | D:3      | Reached * piety under Beogh
  1928 | D:3      | Reached skill level 1 in Dodging
  2034 | D:3      | Found a shadowy altar of Dithmenos.
  2509 | D:3      | Noticed Crazy Yiuf
  2517 | D:3      | Killed Crazy Yiuf
  2530 | D:3      | Gained mutation: Your spells are a little easier to cast, but a little less powerful. [potion of mutation]
  2530 | D:3      | Gained mutation: You are resistant to hostile enchantments. [potion of mutation]
  2530 | D:3      | Gained mutation: You are partially covered in molten scales (AC +1). [potion of mutation]
  2982 | D:4      | Noticed Chokestomp's ghost (weakling HEFi)
  2999 | D:4      | Killed Chokestomp's ghost
  3042 | D:4      | Reached XP level 6. HP: 53/53 MP: 6/6
  3475 | D:4      | Found a shimmering altar of Xom.
  3484 | D:4      | Reached skill level 5 in Shields
  4051 | D:5      | Entered Level 5 of the Dungeon
  4051 | D:5      | Noticed Eustachio
  4061 | D:5      | Reached skill level 5 in Fighting
  4061 | D:5      | Reached skill level 5 in Armour
  4304 | D:5      | Reached XP level 7. HP: 47/61 MP: 7/7
  4478 | D:5      | Noticed recordrepeat's ghost (amateur HOFi)
  4478 | D:5      | HP: 2/61 [white imp/puff of frost[Eustachio] (9)]
  4478 | D:5      | Killed from afar by a white imp

Skill      XL: |  1  2  3  4  5  6 |
---------------+-------------------+-----
Axes           | 3 4 |  4.2
Shields        | 4 5 |  5.4
Armour         | 4 5 |  5.2
Fighting       | 4 5 |  5.0
Dodging        | 1 |  1.4
Stealth        | |  0.1

Action                   |  1- 3 |  4- 6 |  7- 9 || total
-------------------------+-------+-------+-------++-------
Melee: War axe           |   111 |   274 |    38 ||   423
Invok: Convert to Beogh  |       |     1 |       ||     1
  Use: Scroll            |       |     5 |       ||     5
       Potion            |       |     1 |       ||     1
  Eat: Chunk             |     1 |     8 |       ||     9
       Royal jelly       |       |     1 |       ||     1
       Meat ration       |       |     1 |       ||     1
Armor: Chain mail        |    86 |    67 |       ||   153
       Plate armour      |       |   156 |   122 ||   278
Dodge: Dodged            |    33 |    67 |    28 ||   128
Block: Shield            |    56 |   202 |    73 ||   331
